 Dungeon Crawl Stone Soup version 0.30-a0-1160-g6e42c06551 (webtiles) character file.

Game seed: 5182494020527494211

23 Darkkill the Shooter (level 2, -2/25 HPs)
             Began as a Minotaur Hunter on Apr 25, 2023.
             Slain by a hobgoblin (3 damage)
             ... on level 1 of the Dungeon.
             The game lasted 00:01:28 (562 turns).

Darkkill the Shooter (Minotaur Hunter)               Turns: 562, Time: 00:01:29

Health: -2/25      AC:  3    Str: 15    XL:     2   Next: 72%
Magic:  1/1        EV: 12    Int:  6    God:
Gold:   34         SH:  0    Dex: 13    Spells: 1/1 levels left

rFire   . . .        a - +0 shortbow
rCold   . . .        (shield currently unavailable)
rNeg    . . .        c - +0 leather armour
rPois   .            (helmet restricted)
rElec   .            (no cloak)
rCorr   .            (no gloves)
SInv    .            (no boots)
Will    .....        (no amulet)
Stlth   +            (no ring)
HPRegen 0.24/turn    (no ring)
MPRegen 0.07/turn

%: no passive effects
@: no status effects
A: horns 2, retaliatory headbutt
a: no special abilities


You were on level 1 of the Dungeon.
You visited 1 branch of the dungeon, and saw 2 of its levels.

You collected 34 gold pieces.

Inventory:

Hand Weapons
 a - a +0 shortbow (weapon)
Armour
 c - a +0 leather armour (worn)
Jewellery
 f - an amulet of guardian spirit
Scrolls
 b - a scroll of immolation
Potions
 h - a potion of attraction
 i - a potion of mutation {unknown}


   Skills:
 + Level 2.9 Fighting
 + Level 4.6 Ranged Weapons
 + Level 2.6 Dodging
 + Level 1.3 Stealth


You had one spell level left.
You didn't know any spells.
Your spell library contained the following spells:

 Spells                   Type           Power      Damage    Failure   Level
 Apportation              Tloc           0%         N/A       52%         1
 Necrotise                Necr           0%         1d4       52%         1
 Summon Small Mammal      Summ           0%         N/A       52%         1


Dungeon Overview and Level Annotations

Branches:
Dungeon (2/15)

Altars:
Sif Muna

Annotations:
D:2 Jessica


Innate Abilities, Weirdness & Mutations

You have a pair of horns on your head.
You reflexively headbutt those who attack you in melee.


Message History

No target in view!
A frilled lizard comes into view.
You shoot an arrow. The arrow hits the frilled lizard.
You kill the frilled lizard!
There is a stone staircase leading down here.
i - a glowing red potion No target in view!
You see here a +0 club.
A goblin comes into view.
It is wielding a +1 dagger of holy wrath.
The goblin shouts!
You shoot an arrow. The arrow hits the goblin.
You kill the goblin!
You see here a +1 dagger of holy wrath.
You see here a dart slug corpse.
Found a dagger.
No target in view!
Found a dagger.
No target in view!
You see here a +0 dagger.
You now have 34 gold pieces (gained 10).
You see here a dart slug corpse.
Done exploring.
No target in view!
Done exploring.
No target in view!
Done exploring.
No target in view!
Done exploring.
No target in view!
Done exploring.
No target in view!
Done exploring.
There is a stone staircase leading down here.
You climb downwards.
The jackal barks!
The hobgoblin shouts!
The jackal barks! x3; Jessica shouts!
The hobgoblin shouts!
Found 2 white potions and a whip.
Found a shimmering blue altar of Sif Muna.
Found a stone staircase leading down.
There is a stone staircase leading up here.
As you read the scroll labelled VAUMYOSUJI, it crumbles to dust.
Your body is wracked with pain!
The jackal convulses! x2; The hobgoblin convulses!
The jackal convulses! x2
The hobgoblin convulses!
Jessica convulses!
It was a scroll of torment.
The jackal closely misses you.
Jessica casts a spell.
Jessica seems to speed up.
You can't go down here!
You can't go down here!
The jackal bites you but does no damage. x2
You climb upwards.
There is a stone staircase leading down here.
You shoot an arrow. The arrow hits the jackal.
You kill the jackal!
The jackal bites you. The jackal closely misses you.
The jackal bites you but does no damage.
The jackal bites you.
You shoot an arrow. The arrow hits the jackal.
You kill the jackal!
You see here a jackal corpse.
You start resting.
HP restored.
Blink to where?
Press: ? - help, Dir - move target
As you read the scroll labelled ATAQYMA JYTZ, it crumbles to dust.
It was a scroll of blinking.
As you read the scroll labelled DOFODUASIOV, it crumbles to dust.
It is a scroll of identify.
h - a potion of attraction You climb downwards.
Level annotation: Jessica The jackal barely misses you.
You furiously retaliate!
You headbutt the jackal. The jackal misses you. The jackal bites you.
The jackal barely misses you. The hobgoblin misses you.
The hobgoblin barely misses you.
There is a stone staircase leading up here.
You shoot an arrow.
The arrow hits the jackal but does no damage.
The jackal is moderately wounded.
The jackal bites you but does no damage.
The jackal bites you. The hobgoblin barely misses you.
The jackal barely misses you. The hobgoblin hits you.
The jackal bites you but does no damage.
You shoot an arrow. The arrow hits the jackal.
The jackal is heavily wounded.
The jackal barely misses you. The jackal bites you. The hobgoblin misses you.
The hobgoblin hits you. The jackal bites you. The jackal barely misses you.
The rat closely misses you. The hobgoblin hits you. x2
You are too injured to fight recklessly!
You are too injured to fight recklessly!
The jackal closely misses you. The jackal bites you. The hobgoblin hits you.
* * * LOW HITPOINT WARNING * * *
The rat misses you. The hobgoblin hits you.
* * * LOW HITPOINT WARNING * * *
The jackal barely misses you. The jackal bites you.
* * * LOW HITPOINT WARNING * * *
You climb upwards.
There is a stone staircase leading down here.
The jackal attacks as you move away! The jackal misses you.
The hobgoblin attacks as you move away! The hobgoblin hits you.
You die...

#♣.♣§∩..8..∩.♣.♣....#
#♣.♣∩.......∩♣.♣...##
#.♣♣..8.<.8........##
#♣♣.∩.......∩.♣♣.#..##
#..♣.°..8..∩♣♣.♣.....#
##♣♣.♣∩...∩.♣♣§#..##.##
##..♣♣.∩.∩♣.♣§♣#..##..#
..§⌠♣.♣.♣.♣♣§§#rgh....#
##.###.♣♣.♣°§§§h@†#####
##..........###g#.##
.........#### #.#..#
########.# #.##.# ##
#.## ##.##.### .##
#..####..#....# ..#
##............# #.#
#####.###....# ########
#..# ######


You could see 2 jackals, 2 hobgoblins and a rat.

Vanquished Creatures
  2 dart slugs (D:1)
  3 ball pythons (D:1)
  2 endoplasms (D:1)
  A giant cockroach (D:1)
  2 goblins (D:1)
  2 jackals (D:1)
  A quokka (D:1)
  A bat (D:1)
  A frilled lizard (D:1)
  2 kobolds (D:1)
  A rat (D:1)
18 creatures vanquished.

Notes
Turn   | Place    | Note
-------+----------+-------------------------------------------
     0 | D:1      | Darkkill the Minotaur Hunter began the quest for the Orb.
     0 | D:1      | Reached XP level 1. HP: 18/18 MP: 0/0
    48 | D:1      | Reached skill level 1 in Stealth
    86 | D:1      | Reached XP level 2. HP: 25/25 MP: 1/1
   496 | D:2      | Noticed Jessica
   496 | D:2      | Found a shimmering blue altar of Sif Muna.
   560 | D:2      | HP: 3/25 [hobgoblin (3)]
   560 | D:2      | HP: 1/25 [jackal (2)]
   562 | D:1      | Slain by a hobgoblin

Illustrated notes

Levels and vault maps discovered:
D:1:      heliophobic_arrival_enchanted_forest, layout_rooms,
          serial_bayou_pond_e
D:2:      layout_rooms, basic_altar, uniq_jessica

Skill      XL: |  1 |
---------------+----+-----
Stealth        | 1 |  1.3
Fighting       | |  2.9
Ranged Weapons | |  4.6
Dodging        | |  2.6

Action                     || total
---------------------------++-------
   Fire: Shortbow          ||    35
    Use: Scroll            ||     3
 Armour: Leather armour    ||     7
  Dodge: Dodged            ||    20

Table legend: (Time is in decaauts)
 A = Elapsed time spent in this place.
 B = Non-inter-level travel time spent in this place.
 C = Inter-level travel time spent in this place.
 D = Time resting spent in this place.
 E = Time spent auto-exploring this place.
 F = Levels seen in this place.
 G = Mean time per level.
                   A        B        C        D        E       F      G
               +--------+--------+--------+--------+--------+-----+--------+
         Total |    575 |    564 |     11 |     50 |    427 |   2 |  287.5 |
       Dungeon |    575 |    564 |     11 |     50 |    427 |   2 |  287.5 |
               +--------+--------+--------+--------+--------+-----+--------+

Top non-repeatable levels by time:
     D:1: 567 daAuts
     D:2: 8 daAuts

Levels and vault maps discovered:
D:1:      heliophobic_arrival_enchanted_forest, layout_rooms,
          serial_bayou_pond_e
D:2:      layout_rooms, basic_altar, uniq_jessica

Table legend: (Time is in decaauts)
 A = Elapsed time spent in this place.
 B = Non-inter-level travel time spent in this place.
 C = Inter-level travel time spent in this place.
 D = Time resting spent in this place.
 E = Time spent auto-exploring this place.
 F = Levels seen in this place.
 G = Mean time per level.
                   A        B        C        D        E       F      G
               +--------+--------+--------+--------+--------+-----+--------+
         Total |    575 |    564 |     11 |     50 |    427 |   2 |  287.5 |
       Dungeon |    575 |    564 |     11 |     50 |    427 |   2 |  287.5 |
               +--------+--------+--------+--------+--------+-----+--------+

Top non-repeatable levels by time:
     D:1: 567 daAuts
     D:2: 8 daAuts

Table legend:
 A = Kills in this place as a percentage of kills in the entire game.
 B = Kills by you in this place as a percentage of kills by you in the entire game.
 C = Kills by friends in this place as a percentage of kills by friends in the entire game.
 D = Other kills in this place as a percentage of other kills in the entire game.
 E = Experience gained in this place as a percentage of experience gained in the entire game.
 F = Experience gained in this place divided by the number of levels of this place that you have seen.
                   A       B       C       D       E      F
               +-------+-------+-------+-------+-------+----------------------
         Total | 100.0 | 100.0 |   N/A |   N/A | 100.0 |  16.5
       Dungeon | 100.0 | 100.0 |   N/A |   N/A | 100.0 |  16.5
               +-------+-------+-------+-------+-------+----------------------
